Map: Deathaura LE

Players

YourGameplan

  • Race: Terran Terran
  • League: Platinum
  • Spawn Location: 5:00

markstrom - Winner!

  • Race: Zerg Zerg
  • League: Diamond
  • Spawn Location: 11:00

VOD

Have the link to the VOD?

Description

Time

  • Played on: Aug. 1, 2020, 6:24 a.m.
  • Length: 12:40
Show
View Real Time Build Order
Export as new Build Order

YourGameplan Terran 

Build Orders: 1/1/1 

Get SALT Encoding   

  12  0:00  SCV  
  13  0:12  SCV  
  14  0:17  Supply Depot  
  14  0:24  SCV  
  14  0:27  Refinery  
  15  0:38  SCV  
  16  0:44  Barracks  
  16  0:50  Refinery  
  16  0:55  SCV  
  17  1:07  SCV  
  18  1:21  SCV  
  19  1:33  Factory  
  19  1:36  Orbital Command  
  19  1:43  Supply Depot  
  19  2:06  Supply Depot  
  19  2:17  Starport  
  19  2:19  Starport  
  19  2:22  SCV  
  20  2:35  SCV  
  21  2:47  SCV  
  24  2:59  SCV, Fusion Core  
  24  3:02  Starport Tech Lab x2  
  25  3:18  Supply Depot  
  25  3:21  Supply Depot  
  25  3:31  SCV  
  24  3:48  Battlecruiser  
  30  3:59  Command Center  
  30  4:09  SCV  
  31  4:26  Battlecruiser  
  37  4:40  Command Center  
  37  4:48  SCV  
  37  4:49  Engineering Bay  
  32  5:24  Command Center  
  32  5:25  Hellion  
  34  5:32  Refinery  
  34  5:34  Refinery  
  34  5:42  Orbital Command  
  34  5:43  SCV  
  35  5:55  SCV  
  30  6:05  Battlecruiser  
  36  6:17  SCV x2  
  38  6:25  Battlecruiser  
  44  6:29  SCV  
  45  6:37  SCV  
  46  6:41  SCV  
  47  6:49  SCV  
  47  6:53  SCV  
  49  6:59  Orbital Command  
  49  7:01  SCV  
  49  7:05  SCV  
  51  7:20  SCV  
  51  7:21  SCV  
  53  7:32  SCV  
  53  7:33  SCV  
  49  7:39  SCV  
  50  7:44  SCV  
  50  7:45  SCV  
  50  7:48  Battlecruiser x2  
  64  7:53  SCV  
  64  7:57  SCV x2, Refinery x2  
  61  8:03  Command Center  
  61  8:06  Starport  
  61  8:07  SCV  
  61  8:09  SCV x2  
  64  8:17  Factory Tech Lab  
  65  8:20  SCV  
  65  8:21  SCV x2  
  67  8:32  SCV  
  67  8:33  SCV x2  
  68  8:44  SCV  
  68  8:45  SCV  
  70  8:55  Battlecruiser x2  
  82  9:08  SCV x2  
  84  9:10  Supply Depot  
  84  9:14  Battlecruiser  
  90  9:18  Barracks x2  
  90  9:19  Barracks x2  
  90  9:23  Barracks  
  90  9:38  Barracks x2  
  90  9:45  SCV x3  
  93  9:57  SCV  
  93  9:59  Command Center  
  94  10:07  Barracks  
  94  10:08  Marine x4  
  94  10:11  Barracks  
  94  10:12  Barracks  
  94  10:13  Barracks  
  98  10:17  Barracks, Supply Depot x2  
  98  10:19  Marine  
  99  10:25  Marine  
  99  10:26  Marine x3  
  103  10:29  Marine x3  
  103  10:30  Barracks  
  103  10:32  Barracks  
  101  10:43  Marine  
  101  10:44  Marine x3  
  101  10:47  Marine  
  106  10:57  Battlecruiser x2  
  106  10:58  Battlecruiser  
  106  11:00  Planetary Fortress  
  106  11:02  Barracks  
  124  11:11  Marine x4  
  125  11:12  Marine x3  
  125  11:13  Marine x4  
  119  11:35  Marine x13  
  112  11:52  Marine  
  112  11:53  Marine x10  
  116  12:01  Command Center  
  116  12:03  Armory  
  102  12:09  Marine x4  
  102  12:10  Marine  
  102  12:11  Marine x4  
  102  12:21  Marine  
Show
View Real Time Build Order
Export as new Build Order

markstrom Zerg - Winner!

Build Orders: Hatch First, Lurkers 

Get SALT Encoding   

  12  0:01  Drone  
  13  0:13  Overlord  
  13  0:17  Drone  
  14  0:31  Drone x2  
  16  0:50  Hatchery  
  16  0:53  Drone  
  16  0:56  Drone  
  17  0:59  Drone  
  18  1:14  Spawning Pool  
  18  1:17  Drone  
  18  1:20  Drone  
  19  1:26  Extractor  
  19  1:28  Drone  
  19  1:39  Overlord  
  19  1:50  Drone  
  20  2:01  Queen x2  
  20  2:03  Zergling x4  
  26  2:16  Drone  
  26  2:17  Drone  
  28  2:29  Spine Crawler  
  27  2:36  Drone x4  
  31  2:40  Spore Crawler, Queen  
  32  2:47  Spore Crawler  
  32  2:48  Drone  
  32  3:05  Drone x4  
  36  3:07  Lair  
  36  3:14  Overlord  
  36  3:17  Overlord  
  36  3:27  Overlord  
  36  3:37  Spore Crawler  
  36  3:40  Spore Crawler, Drone  
  35  3:41  Drone  
  35  3:42  Drone x4  
  40  3:54  Queen  
  40  3:55  Drone x3  
  45  3:58  Extractor  
  45  4:00  Extractor  
  45  4:02  Drone x2  
  45  4:03  Drone  
  45  4:08  Drone x2  
  48  4:17  Drone x5  
  49  4:18  Drone  
  54  4:34  Hatchery  
  53  4:42  Queen  
  53  4:43  Queen  
  53  4:45  Drone x3  
  60  4:54  Hydralisk Den  
  59  5:01  Evolution Chamber  
  56  5:15  Drone x2  
  56  5:17  Drone  
  56  5:18  Drone  
  56  5:20  Overlord x2  
  60  5:29  Grooved Spines  
  60  5:32  Zerg Missile Weapons Level 1  
  59  5:39  Overseer  
  59  5:47  Queen  
  60  5:53  Drone x8, Queen  
  60  5:55  Spore Crawler  
  69  5:57  Spore Crawler  
  68  6:14  Pneumatized Carapace  
  68  6:18  Overlord  
  68  6:19  Overlord  
  68  6:26  Extractor  
  68  6:27  Extractor  
  68  6:32  Drone x3  
  69  6:33  Drone  
  70  6:41  Muscular Augments  
  70  6:45  Lurker Den  
  70  6:46  Hatchery  
  68  6:50  Infestation Pit  
  67  6:59  Drone  
  67  7:00  Drone x6  
  67  7:01  Drone x3  
  75  7:04  Hydralisk x5  
  75  7:07  Overseer x2  
  87  7:27  Queen, Evolution Chamber  
  86  7:32  Drone x2  
  86  7:35  Drone  
  86  7:36  Drone x6  
  94  7:46  Hydralisk x3  
  94  7:54  Hydralisk x3  
  94  7:55  Overlord x3  
  98  8:03  Spore Crawler  
  97  8:06  Drone  
  97  8:07  Spore Crawler, Spine Crawler x2, Drone x6  
  97  8:12  Hive  
  101  8:16  Zerg Ground Armor Level 1, Zerg Missile Weapons Level 2  
  101  8:21  Drone x3  
  101  8:22  Drone x8  
  101  8:25  Extractor  
  101  8:27  Extractor  
  109  8:34  Extractor  
  109  8:35  Lurker x7  
  109  8:37  Hydralisk  
  109  8:38  Hydralisk x4  
  125  8:49  Hydralisk  
  125  8:53  Drone  
  125  8:55  Overlord x4  
  128  9:12  Overseer  
  128  9:13  Overlord x4  
  128  9:25  Hydralisk x8  
  128  9:26  Hydralisk x7  
  156  9:34  Hydralisk x2  
  159  9:42  Spire  
  159  9:43  Hydralisk  
  159  9:44  Hydralisk  
  162  9:48  Drone x3  
  162  10:02  Hydralisk x7  
  162  10:03  Hydralisk  
  162  10:04  Hatchery, Extractor  
  162  10:05  Extractor  
  175  10:19  Zerg Ground Armor Level 2  
  175  10:25  Drone  
  175  10:26  Drone x4  
  175  10:27  Overlord x2, Drone x3  
  183  10:32  Hydralisk x2  
  174  11:00  Corruptor x4  
  174  11:01  Corruptor x3  
  174  11:04  Queen  
  166  11:25  Drone  
  166  11:26  Drone x19  
  183  11:39  Adaptive Talons  
  178  11:52  Queen  
  175  12:07  Spore Crawler  
  175  12:08  Spore Crawler  
  171  12:10  Spine Crawler x2, Drone  
  171  12:11  Drone x10  
Tags
 
Composition
Lurkers
Matchup
TvZ
Spawn Locations
Cross Positions
Add a new tag
Caveats
  • Supply blocks, unpowered buildings, or Contaminate may cause inaccurate times.
  • Supply counts are checked every 10 seconds.